 Dungeon Crawl Stone Soup version 0.14-a0-2542-g51e44bb (webtiles) character file.

29 MrRokkomies the Firebug (level 2, 0/20 HPs)
             Began as a Lava Orc Fire Elementalist on Feb 10, 2014.
             Slain by a jackal (1 damage)
             ... on Level 1 of the Dungeon.
             The game lasted 00:01:36 (325 turns).

MrRokkomies the Firebug (Lava Orc Fire Elementalist) Turns: 325, Time: 00:01:36

HP   0/20        AC  2     Str 10      XL: 2   Next: 17%
MP   0/3         EV 12     Int 15      God:
Gold 18          SH  0     Dex 11      Spells:  2 memorised,  1 level left

rFire  + + +     SeeInvis .     e - -1,+1 orc dagger
rCold  x . .     Clarity  .     a - +0 orc robe
rNeg   . . .     Conserve .     (no shield)
rPois  .         rCorr    .     (no helmet)
rElec  .         rRot     .     (no cloak)
SustAb . .       Spirit   .     (no gloves)
rMut   .         Warding  .     (no boots)
Saprov + . .     Stasis   .     (no amulet)
MR     .....                    (no ring)
                                (no ring)

@: very slightly contaminated, not resistant to hostile enchantments, unstealthy
A: conserve scrolls, saprovore 1
a: no special abilities


You were on level 1 of the Dungeon.
You were not hungry.

You visited 1 branch of the dungeon, and saw 1 of its levels.

You collected 18 gold pieces.

Inventory:

Hand weapons
 e - a -1,+1 orcish dagger (weapon)
Armour
 a - a +0 orcish robe (worn)
Comestibles
 c - a meat ration
Potions
 d - a potion of might {unknown}
Books
 b - a book of Flames

   Spells                             Type                      Level
   *Flame Tongue                      Conjuration/Fire             1
   *Throw Flame                       Conjuration/Fire             2
   Conjure Flame                      Conjuration/Fire             3
   Inner Flame                        Hexes/Fire                   3
   Sticky Flame                       Conjuration/Fire             4
   Fireball                           Conjuration/Fire             5


   Skills:
 - Level 1.5 Dodging
 - Level 1.5 Stealth
 - Level 1.5 Spellcasting
 * Level 1.6 Conjurations
 + Level 4.1 Fire Magic


You had one spell level left.
You knew the following spells:

 Your Spells              Type           Power        Failure   Level  Hunger
a - Flame Tongue          Conj/Fire      ###..        10%         1    ##.....
b - Throw Flame           Conj/Fire      ###...       12%         2    ###....


Dungeon Overview and Level Annotations

Branches:
Dungeon (1/16)

Altars:


Innate Abilities, Weirdness & Mutations

You have stony skin.
Your flesh is almost immune to the effects of heat.
Your fire spells are more powerful.
Your flesh is vulnerable to cold.
Your heat harms attackers.
You bathe your surroundings in blazing heat.
You are too hot to use scrolls.
You are very good at protecting items from fire.
You can tolerate rotten meat.


Message History

Confirm with . or Enter, or press ? or * to list all spells.
Aiming: Flame Tongue
Press: ? - help, Shift-Dir - straight line, f - jackal
Aim: a jackal (heavily wounded)
You feel a strong surge of power!
You miscast Flame Tongue.
You are very lightly contaminated with residual magic.
Nothing appears to happen.
The jackal bites you.
* * * LOW HITPOINT WARNING * * *
Casting: Flame Tongue
Confirm with . or Enter, or press ? or * to list all spells.
Aiming: Flame Tongue
Press: ? - help, Shift-Dir - straight line, f/p - jackal
Aim: a jackal (heavily wounded)
You feel a strong surge of power!
The flame hits the jackal.
The jackal is almost dead.
The jackal closely misses you. The jackal misses you.
You closely miss the jackal.
The jackal is almost dead.
The jackal bites you.
You die...

.#.# #♣ ....#.# #.
.....#.# #< ......#.#
## .......#.#
.......#.# .
...(...#.# ...
........#.#####......
.........hh@.........
........#(#####......
####.....(...# ....
#...).....# ....
#.........#.....
#.........#....
#..............#
#?........#####
#...(...%.#


You could see 2 jackals.

Vanquished Creatures
  A giant gecko (D:1)
  A goblin (D:1)
  3 hobgoblins (D:1)
  A jackal (D:1)
  A giant cockroach (D:1)
  A giant newt (D:1)
  A kobold (D:1)
  A rat (D:1)
10 creatures vanquished.

Notes
Turn   | Place    | Note
--------------------------------------------------------------
     0 | D:1      | MrRokkomies, the Lava Orc Fire Elementalist, began the quest for the Orb.
     0 | D:1      | Reached XP level 1. HP: 14/14 MP: 2/2
   124 | D:1      | Reached skill level 4 in Fire Magic
   138 | D:1      | Reached XP level 2. HP: 1/20 MP: 0/3
   149 | D:1      | Learned a level 2 spell: Throw Flame
   323 | D:1      | HP: 1/20 [jackal (1)]
   325 | D:1      | Slain by a jackal

Action                   || total
-------------------------++-------
Melee: Unarmed           ||    25
       Dagger            ||    10
 Cast: Flame Tongue      ||    10
 Stab: Sleeping          ||     1
